 Dungeon Crawl Stone Soup version 0.28.0 (webtiles) character file.

Game seed: 4204236445750658496

1625 SnakkuSnakku7 the Carver (level 8, -3/39 HPs)
             Began as a Vine Stalker Delver on Feb 16, 2022.
             Killed from afar by an electric eel (7 damage)
             ... with a bolt of electricity
             ... on level 6 of the Dungeon.
             The game lasted 00:09:04 (4461 turns).

SnakkuSnakku7 the Carver (Vine Stalker Delver)      Turns: 4461, Time: 00:09:06

Health: -3/39      AC:  7    Str: 17    XL:     8   Next: 97%
Magic:  0/9        EV: 11    Int: 10    God:
Gold:   416        SH:  0    Dex: 16    Spells: 7/7 levels left

rFire   . . .      SeeInvis .   a - +2 falchion (flame)
rCold   + . .      Faith    .   (no shield)
rNeg    . . .      Spirit   +   k - +0 ring mail
rPois   .          Reflect  .   (no helmet)
rElec   .          Harm     .   x - +0 cloak
rCorr   .          Rampage  .   (no gloves)
Will    ++...                   r - +0 pair of boots
Stlth   +++.......              (no amulet)
HPRegen 0.93/turn               d - ring of protection from cold
MPRegen 0.11/turn               A - ring of willpower

@: no status effects
A: fangs 3, regeneration 1, magic shield, antimagic bite, no potion heal 2
a: no special abilities


You were on level 6 of the Dungeon.
You visited 1 branch of the dungeon, and saw 8 of its levels.

You collected 416 gold pieces.

Inventory:

Hand Weapons
 a - a +2 falchion of flaming (weapon)
 i - a +0 falchion
 j - a +0 long sword
Missiles
 s - 5 poisoned darts (quivered)
 B - a throwing net
Armour
 b - a +0 leather armour
 k - a +0 ring mail (worn)
 r - a +0 pair of boots (worn)
 x - a +0 cloak (worn)
Jewellery
 d - a ring of protection from cold (left hand)
 o - a ring of fire
 q - a +6 ring of intelligence
 u - a +6 ring of intelligence
 A - a ring of willpower (right hand)
Wands
 g - a wand of digging (3)
Scrolls
 c - a scroll of fog
 e - 2 scrolls of fear
 h - a scroll of enchant weapon {unknown}
 l - a scroll of summoning {unknown}
 n - 2 scrolls of teleportation {unknown}
 p - a scroll of holy word {unknown}
 w - a scroll of vulnerability {unknown}
 y - 4 scrolls of amnesia {unknown}
 z - 6 scrolls of identify {unknown}
 D - a scroll of enchant armour {unknown}
Potions
 f - 2 potions of haste
 m - 3 potions of curing {unknown}
 t - 2 potions of attraction {unknown}
 v - 2 potions of might {unknown}
 C - a potion of heal wounds {unknown}


   Skills:
 - Level 2.6 Fighting
 + Level 9.4 Long Blades
 - Level 4.0 Throwing
 - Level 1.5 Dodging
 - Level 6.0 Stealth


You had 7 spell levels left.
You didn't know any spells.
Your spell library contained the following spells:

 Spells                   Type           Power      Damage    Failure   Level
 Freeze                   Ice            0%         1d3       56%         1
 Conjure Flame            Conj/Fire      0%         6-21      91%         3
 Frozen Ramparts          Ice            0%         1d2       91%         3
 Ignite Poison            Fire/Tmut/Pois 0%         N/A       91%         3
 Hailstorm                Conj/Ice       0%         3d3       100%        4
 Sticky Flame             Conj/Fire      0%         2d3       100%        4


Dungeon Overview and Level Annotations

Branches:
Dungeon (8/15)
 Temple: D:4-7         Lair: D:8-11

Altars:

Shops:
D:2 [


Innate Abilities, Weirdness & Mutations

You have razor-sharp teeth.
Your natural rate of healing is unusually fast.
When hurt, damage is shared between your health and your magic reserves.
Your bite disrupts and absorbs the magic of your enemies.
Potions cannot restore your health.


Message History

The water moccasin skeleton is heavily damaged.
The water moccasin skeleton bites you.
The water moccasin skeleton barely misses you.
You hit the water moccasin skeleton. You burn the water moccasin skeleton.
You bite the water moccasin skeleton! You drain its power.
The water moccasin skeleton is almost destroyed.
You barely miss the water moccasin skeleton.
Your bite misses the water moccasin skeleton.
The water moccasin skeleton is almost destroyed.
The water moccasin skeleton bites you.
You hit the water moccasin skeleton. You burn the water moccasin skeleton.
You destroy the water moccasin skeleton!
Magic restored.
You open the door.
HP restored.
There is an open door here.
You open the door.
There is an open door here.
You open the door.
There is an open door here.
There is an open door here.
An electric eel comes into view.
An electric eel is nearby!
Okay, then.
An electric eel comes into view.
The electric eel shoots out a bolt of lightning at you!
The bolt of electricity hits you!
The electric eel shoots out a bolt of lightning at you!
The bolt of electricity hits you!
The electric eel shoots out a bolt of lightning at you!
The bolt of electricity hits you!
The electric eel shoots out a bolt of lightning at you!
The bolt of electricity hits the plant!
The plant begins to die.
The bolt of electricity hits you!
* * * LOW HITPOINT WARNING * * *
The electric eel shoots out a bolt of lightning at you!
The bolt of electricity hits you!
* * * LOW HITPOINT WARNING * * *
The electric eel shoots out a bolt of lightning at you!
The bolt of electricity hits you!
You die...

#######... ..........
.......... +..........
########..........
#.................
#..............)..
#.......#'#####... ≈
#@......#.....#... ≈P♣♣♣
#.......#.....#...
≈≈P≈P♣+.......'.....#...
≈P≈≈≈P#.......#.....#...
♣≈≈P≈≈.......#.....#...
P≈≈♣≈≈≈...#####.....#...
≈P≈≈♣P≈...#.........####
≈≈≈≈≈S≈...'.............
≈≈≈≈P≈♣♣..#..#########..


You could see an electric eel.

Vanquished Creatures
  Eustachio (D:4)
  A water moccasin (D:5)
  A black bear (D:5)
  An ice beast (D:6)
  2 necrophages
  An ogre (D:5)
  A bullfrog (D:8)
  A scorpion (D:5)
  2 water moccasin skeletons
  A howler monkey (D:4)
  A bullfrog skeleton (D:5)
  A hound (D:6)
  Crazy Yiuf (D:2)
  Jessica (D:3)
  2 iguanas
  An orc wizard (D:5)
  20 gnolls
  10 adders
  4 worms
  5 dart slugs
  8 orcs
  9 bats
  8 endoplasms
  3 giant cockroaches
  29 hobgoblins
  11 jackals
  10 kobolds
  3 quokkas
  3 ball pythons
  7 frilled lizards
  43 goblins
  5 rats
197 creatures vanquished.

Vanquished Creatures (others)
  12 plants (D:6)
12 creatures vanquished.

Grand Total: 209 creatures vanquished

Notes
Turn   | Place    | Note
-------+----------+-------------------------------------------
     0 | D:5      | SnakkuSnakku7 the Vine Stalker Delver began the quest for
                  | the Orb.
     0 | D:5      | Reached XP level 1. HP: 11/11 MP: 2/2
    93 | D:5      | Reached skill level 2 in Long Blades
    93 | D:5      | Reached XP level 2. HP: 14/16 MP: 3/3
   195 | D:5      | You fall into a shaft and drop 3 floors!
   195 | D:8      | Noticed a bullfrog
   195 | D:8      | Noticed a yak
   195 | D:8      | Noticed a yak
   196 | D:8      | Noticed a yak
   197 | D:8      | Noticed a yak
   197 | D:8      | Noticed a yak
   205 | D:8      | Killed a bullfrog
   205 | D:8      | Noticed a yak
   206 | D:8      | Reached skill level 4 in Long Blades
   206 | D:8      | Reached XP level 3. HP: 8/19 MP: 1/4
   206 | D:8      | Gained mutation: Your natural rate of healing is unusually
                  | fast. [Vine Stalker growth]
   206 | D:8      | Reached XP level 4. HP: 9/23 MP: 1/5
   357 | D:6      | Noticed an ice beast
   365 | D:6      | Killed an ice beast
   366 | D:6      | Reached skill level 5 in Long Blades
   366 | D:6      | Reached XP level 5. HP: 26/27 MP: 6/6
   410 | D:4      | Reached XP level 6. HP: 30/32 MP: 7/7
   443 | D:4      | Noticed Eustachio
   551 | D:4      | Killed Eustachio
   552 | D:4      | Reached skill level 6 in Long Blades
   606 | D:4      | Reached XP level 7. HP: 35/35 MP: 8/8
  1115 | D:1      | Noticed an eye of devastation
  1117 | D:1      | Found a faded altar of an unknown god.
  1119 | D:1      | Noticed a golden eye
  1119 | D:1      | Noticed a golden eye
  1662 | D:2      | Found a runed translucent door.
  1663 | D:2      | Noticed Crazy Yiuf
  1672 | D:2      | Killed Crazy Yiuf
  1673 | D:2      | Reached skill level 7 in Long Blades
  1673 | D:2      | Reached skill level 1 in Throwing
  1902 | D:2      | Found Onul's Armour Shoppe.
  2421 | D:3      | Noticed Jessica
  2427 | D:3      | Killed Jessica
  3182 | D:3      | Gained mutation: You have razor-sharp teeth. [Vine Stalker
                  | growth]
  3182 | D:3      | Reached XP level 8. HP: 33/39 MP: 7/9
  3828 | D:5      | Reached skill level 8 in Long Blades
  4120 | D:5      | Reached skill level 9 in Long Blades
  4461 | D:6      | Killed from afar by an electric eel

Illustrated notes

Levels and vault maps discovered:
D:1:      dpeg_arrival_simpleton_c, layout_basic,
          hellmonk_ecumenical_altar_watching_god, roderic_lattice_a
D:2:      minmay_spotlight, layout_basic, serial_shops, shop,
          kennysheep_cluttered_room, grunt_ministairs_9, st_stairs_6,
          uniq_crazy_yiuf_cottage
D:3:      minmay_goblin_kobold_castle, layout_basic, serial_rivers,
          chequers_serial_rivers_micro_c, chequers_serial_rivers_room_b,
          chequers_serial_rivers_room_b, chequers_serial_rivers_micro_a,
          chequers_serial_rivers_marsh, uniq_jessica
D:4:      layout_cave_pools, uniq_eustachio
D:5:      layout_loops_cross
D:6:      layout_gridville, skrybe_limestone_x, serial_bayou_lake_a
D:7:      minmay_the_grid_plus [minmay_the_grid_minigrid_small_alt,
          minmay_the_grid_spin_star, minmay_the_grid_doors, minmay_the_grid_fan,
          minmay_the_grid_prize_shrinking_boxes], layout_loops_ring,
          pdpol_temple_overflow_zin_treasury_gozag_greed,
          minmay_temple_entry_tees, kennysheep_cross_room
D:8:      layout_basic, jmf_multi_god_temple, serial_undead, serial_undead_a,
          serial_undead_f, serial_undead_c, serial_undead_b, serial_undead_c,
          minmay_holes, minmay_misc_feat_more_columns, minmay_misc_feat_rows

Skill      XL: |  1  2  3  4  5  6  7  8 |
---------------+-------------------------+-----
Long Blades    | 2 4 5 6 7 9 |  9.4
Throwing       | 2 4 |  4.0
Fighting       | |  2.6
Dodging        | |  1.5
Stealth        | |  6.0

Action                   |  1- 3 |  4- 6 |  7- 9 || total
-------------------------+-------+-------+-------++-------
Melee: Falchion          |    12 |    74 |   361 ||   447
       Bite              |     1 |    15 |    77 ||    93
       Punch             |     1 |       |     2 ||     3
Throw: Dart              |       |       |     6 ||     6
  Use: Scroll            |     1 |       |       ||     1
 Stab: Sleeping          |       |     1 |    21 ||    22
       Distracted        |       |       |     1 ||     1
Armor: Ring mail         |     2 |    97 |   143 ||   242
Dodge: Dodged            |     5 |    93 |   221 ||   319
